 Dungeon Crawl Stone Soup version 0.32-a0-468-g38b2580584 (webtiles) character file.

Game seed: 9242767219175240213

98 timneilson the Ruffian (level 4, -5/29 HPs)
             Began as an Octopode Shapeshifter on Feb 24, 2024.
             Slain by Grinder (8 damage)
             ... on level 3 of the Dungeon.
             The game lasted 00:03:01 (1811 turns).

timneilson the Ruffian (Octopode Shapeshifter)      Turns: 1811, Time: 00:03:02

Health: -5/29      AC:  1    Str: 15    XL:     4   Next: 71%
Magic:  4/4        EV: 13    Int: 12    God:
Gold:   144        SH:  0    Dex: 11    Spells: 3/3 levels left

rFire   + .          .
                       - Unarmed
rCold   . . .        (no shield)
rNeg    . . .        (helmet currently unavailable)
rPois   +            (no amulet)
rElec   .            i - ring of poison resistance
rCorr   +            g - ring of resist corrosion
SInv    +            j - ring of Jera {+Blink rF+ SInv}
Will    .....        (no ring)
Stlth   +++          (no ring)
HPRegen 0.24/turn    (no ring)
MPRegen 0.09/turn    (no ring)
                     (no ring)

%: no passive effects
@: beast-form
A: beast (slay +1), almost no armour, amphibious, 8 rings, camouflage 1,
gelatinous body 1, (nimble swimmer 1), tentacles
a: Begin Untransformation, Evoke Blink


You were on level 3 of the Dungeon.
You were a hulking beast.
You visited 1 branch of the dungeon, and saw 3 of its levels.

You collected 144 gold pieces.

Inventory:

Missiles
 m - 2 poisoned darts (quivered)
Jewellery
 g - a ring of resist corrosion (right tentacle)
 i - a ring of poison resistance (left tentacle)
 j - the ring of Jera (on tentacle) {+Blink rF+ SInv}
   (You found it on level 2 of the Dungeon)

   [ring of see invisible]

   rF+:       It protects you from fire.
   SInv:      It lets you see invisible.
   +Blink:    It lets you blink.
 n - an amulet of magic regeneration
 o - an amulet of faith
Talismans
 b - a beast talisman (active)
 c - a flux talisman
Scrolls
 d - a scroll of teleportation
 f - a scroll of noise
 h - a scroll of identify
 q - a scroll of poison
Potions
 a - a potion of lignification
 e - a potion of heal wounds
 k - a potion of might
 l - a potion of magic
 p - a potion of haste {unknown}


   Skills:
 * Level 2.2 Fighting
 * Level 2.6 Dodging
 + Level 1.7 Stealth
 * Level 3.7 Unarmed Combat
 * Level 3.4 Shapeshifting


You had 3 spell levels left.
You didn't know any spells.
Your spell library contained the following spells:

 Spells                   Type           Power      Damage    Failure   Level
 Jinxbite                 Hex            0%         N/A       45%         2
 Stone Arrow              Conj/Erth      0%         3d7       69%         3
 Yara's Violent Unravell  Hex/Alch       0%         3d3       100%        5
 Enfeeble                 Hex            0%         N/A       100%        7
 Lehudib's Crystal Spear  Conj/Erth      0%         10d2      100%        8
 Animate Armour           Summ/Erth      Unusable   N/A       N/A         4

Dungeon Overview and Level Annotations

Branches:
Dungeon (3/15)

Altars:

Annotations:
D:3 Grinder, Ijyb


Innate Abilities, Weirdness & Mutations

You are a hulking beast.
Your limbs bulge with bestial killing power. (Slay +1)
You cannot wear most types of armour.
You are amphibious.
You can wear up to eight rings at the same time.
Your skin changes colour to match your surroundings (Stealth+).
Your rubbery body absorbs attacks. (AC +1, EV +1)
((You are camouflaged when in or above water. (Stealth+)))
You have tentacles for arms and can constrict up to eight enemies at once.


Message History

You kill Jessica!
The ball python hisses angrily.
Things that are here:
a +0 dagger; a +0 robe You tentacle-slap the ball python.
Your grab misses the ball python. Your squeeze misses the ball python.
The ball python is moderately wounded.
The ball python barely misses you. The ball python closely misses you.
You tentacle-slap the ball python.
You kill the ball python!
Grinder comes into view.
Grinder shouts!
Grinder gestures at you. Pain shoots through your body!
Grinder gestures at you.
You suddenly lose the ability to move!
Grinder gestures at you. You resist with significant effort.
You can move again.
Unknown command.
You tentacle-slap Grinder. Your grab misses Grinder.
Grinder is lightly wounded.
Grinder hits you!
You writhe in agony.
Ijyb the Inquisitive comes into view.
She is wielding a +0 club and carrying a wand of flame.
Ijyb shouts!
You tentacle-slap Grinder. You grab Grinder.
Grinder is moderately wounded.
You constrict Grinder. Grinder hits you!
* * * LOW HITPOINT WARNING * * *
You writhe in agony.
* * * LOW HITPOINT WARNING * * *
You bludgeon Grinder!
Grinder is heavily wounded.
You constrict Grinder. Grinder barely misses you.
Unknown command.
You tentacle-slap Grinder.
Grinder is severely wounded.
You constrict Grinder. Grinder hits you!
You die...
Grinder sighs, "Dead already?
I want a refund."

#............##.#)########.#.#.#
#.....†......##.#.#..........#.#
#............##.#.#.######.###.#
####<#............#.# #.# #.#
#.#.########...#.######.# #.#
#.#.#### #...#.#......# #.#
#.#....# #...#.##########.#
#.#....# #...#............#
#....# #.h.###############
#.#....# #g5.....^..........
#.#....# #..#########.######
#.#....# #... #.# # #.#....#
#... #.# # #.#.#### #.... #.# #
#.#.# #...# #.# # #.#.# #....
#.# # ##.#.###### #.. #.# #


You could see Grinder and Ijyb.

Vanquished Creatures
  Jessica (D:3)
  2 adders
  An orc (D:3)
  4 ball pythons
  4 bats (D:1)
  5 endoplasms
  3 giant cockroaches (D:1)
  5 hobgoblins
  3 jackals (D:2)
  3 quokkas
  2 frilled lizards (D:1)
  5 goblins
  7 kobolds
  2 rats
47 creatures vanquished.

Notes
Turn   | Place    | Note
-------+----------+-------------------------------------------
     0 | D:1      | timneilson the Octopode Shapeshifter began the quest for
                  | the Orb.
     0 | D:1      | Reached XP level 1. HP: 13/13 MP: 1/1
   180 | D:1      | Reached XP level 2. HP: 18/18 MP: 2/2
   406 | D:1      | You fall into a shaft and drop 1 floor!
   439 | D:2      | Reached XP level 3. HP: 19/23 MP: 3/3
   491 | D:2      | Reached skill level 1 in Stealth
   573 | D:1      | Found a faded altar of an unknown god.
  1073 | D:2      | Identified the ring of Jera {+Blink rF+ SInv}
  1164 | D:2      | Found the Hermit's Pendant {Faith Invo=14 Evo=0 MP+5}
  1175 | D:2      | Reached XP level 4. HP: 27/29 MP: 4/4
  1791 | D:3      | Noticed Jessica
  1795 | D:3      | Killed Jessica
  1802 | D:3      | Noticed Grinder
  1805 | D:3      | Paralysed by Grinder for 2 turns
  1808 | D:3      | Noticed Ijyb
  1811 | D:3      | Slain by Grinder

Illustrated notes

Levels and vault maps discovered:
D:1:      saegor_arrival_simple_d, layout_basic, basic_ecumenical_altar,
          minmay_hexomino_p4
D:2:      layout_rooms
D:3:      layout_basic, minmay_misc_feat_doors, minmay_misc_feat_secret_circle,
          uniq_grinder, uniq_ijyb, uniq_sigmund, uniq_jessica

Skill      XL: |  1  2  3  4 |
---------------+-------------+-----
Stealth        | 1 |  1.7
Fighting       | 2 |  2.2
Dodging        | |  2.6
Unarmed Combat | |  3.7
Shapeshifting  | |  3.4

Action                     |  1- 3 |  4- 6 || total
---------------------------+-------+-------++-------
  Melee: Unarmed           |    65 |    14 ||    79
         Constrict         |    18 |     5 ||    23
         Tentacles         |    15 |     2 ||    17
         Punch             |     1 |     2 ||     3
    Use: Scroll            |     6 |     3 ||     9
   Stab: Sleeping          |    13 |       ||    13
 Armour: Skin              |    17 |     6 ||    23
  Dodge: Dodged            |    25 |     8 ||    33

Table legend: (Time is in decaauts)
 A = Elapsed time spent in this place.
 B = Non-inter-level travel time spent in this place.
 C = Inter-level travel time spent in this place.
 D = Time resting spent in this place.
 E = Time spent auto-exploring this place.
 F = Levels seen in this place.
 G = Mean time per level.
                   A        B        C        D        E       F      G
               +--------+--------+--------+--------+--------+-----+--------+
         Total |   1805 |   1771 |     34 |    159 |   1246 |   3 |  601.7 |
       Dungeon |   1805 |   1771 |     34 |    159 |   1246 |   3 |  601.7 |
               +--------+--------+--------+--------+--------+-----+--------+

Top non-repeatable levels by time:
     D:1: 848 daAuts
     D:2: 507 daAuts
     D:3: 449 daAuts
